 Dungeon Crawl Stone Soup version 0.31-a0-210-gccc998df9b (webtiles) character file.

Game seed: 3890119689022400078

23 qw the Shield-Bearer (level 3, 0/23 HPs)
             Began as a Gargoyle Fighter on June 29, 2023.
             Slain by a gnoll
             ... wielding a +0 spear
              (6 damage)
             ... on level 2 of the Dungeon.
             The game lasted 00:00:24 (825 turns).

qw the Shield-Bearer (Gargoyle Fighter)              Turns: 825, Time: 00:00:24

Health: 0/23       AC: 10    Str: 21    XL:     3   Next: 0%
Magic:  3/3        EV:  9    Int:  8    God:
Gold:   114        SH:  4    Dex:  9    Spells: 2/2 levels left

rFire   . . .        Y - +0 war axe
rCold   . . .        c - +0 buckler
rNeg    + . .        b - +0 scale mail
rPois   inf          (no helmet)
rElec   +            (no cloak)
rCorr   .            (no gloves)
SInv    .            (no boots)
Will    .....        (no amulet) Stlth
                     (no ring)
HPRegen 0.23/turn    (no ring)
MPRegen 0.08/turn

%: no passive effects
@: no status effects
A: sickness immunity, AC +3, negative energy resistance 1, electricity
resistance, torment resistance 1, petrification resistance
a: no special abilities


You were on level 2 of the Dungeon.
You visited 1 branch of the dungeon, and saw 2 of its levels.

You collected 114 gold pieces.


Innate Abilities, Weirdness & Mutations

You are immune to sickness and miasma.
Your stone body is resilient. (AC +3)
You are immune to poison.
You resist negative energy. (rN+)
You are resistant to electric shocks. (rElec)
You are resistant to unholy torment.
You are immune to petrification.


   Skills:
 - Level 3.2 Fighting
 + Level 3.0 Axes
 - Level 3.2 Armour
 - Level 3.2 Shields


You had 2 spell levels left.
You didn't know any spells.
Your spell library was empty.

Inventory:

Hand Weapons
 i - a +0 mace
 Y - a +0 war axe (weapon)
Armour
 b - a +0 scale mail (worn)
 c - a +0 buckler (worn)
Scrolls
 a - a scroll of fog {unknown}
 f - a scroll of identify
Potions
 d - 2 potions of might
 e - a potion of curing {unknown}

Dungeon Overview and Level Annotations

Branches:
Dungeon (2/15)

Altars:

Shops:
D:2 =


Message History

The gnoll hits you but does no damage.
A kobold comes into view. It is wielding a +0 club.
The gnoll hits you but does no damage.
You hit the gnoll but do no damage.
The gnoll is lightly wounded.
The bat hits you but does no damage. The bat closely misses you.
You block the gnoll's attack. The bat barely misses you.
You closely miss the bat.
The bat is moderately wounded.
You barely miss the gnoll. The bat hits you. The bat barely misses you.
The gnoll barely misses you. You block the bat's attack.
You barely miss the bat.
The bat is moderately wounded.
You hit the gnoll but do no damage. The bat hits you but does no damage.
The bat misses you. The gnoll hits you with a +0 spear.
The bat barely misses you. The gnoll hits you but does no damage.
You slash the bat!
You kill the bat!
You closely miss the gnoll.
The quokka twitches its whiskers.
You block the gnoll's attack.
You have reached level 3!
Your experience leads to an increase in your attributes!
Increase (S)trength, (I)ntelligence, or (D)exterity?
You feel stronger. x2
You closely miss the gnoll.
The gnoll is lightly wounded.
The gnoll hits you with a +0 spear. x2
You barely miss the gnoll.
The gnoll is lightly wounded.
The gnoll barely misses you.
You hit the gnoll.
The gnoll is heavily wounded.
The gnoll hits you with a +0 spear.
You hit the gnoll.
The gnoll is almost dead.
The gnoll hits you with a +0 spear. x2
You die...

#.# ...#####.#
.........#
#.######.#
#.########
#........#
######.######.#
.......).......#
#.##.....##@##..#
##.#.##g#%# #
..###.Kr .)# #.##
#.##. .## . .. ##
## .. .


You could see a gnoll, a quokka and a kobold.

Vanquished Creatures
  A dart slug (D:1)
  3 ball pythons (D:1)
  2 endoplasms (D:1)
  3 goblins
  3 hobgoblins (D:1)
  A quokka (D:1)
  3 bats
  2 frilled lizards (D:1)
  3 kobolds (D:1)
21 creatures vanquished.

Notes
Turn   | Place    | Note
-------+----------+-------------------------------------------
     0 | D:1      | qw the Gargoyle Fighter began the quest for the Orb.
     0 | D:1      | Reached XP level 1. HP: 14/14 MP: 1/1
     0 | D:1      | 0 ||| qw: Version: 0.3-a-24-ga2abf7b
     0 | D:1      | 0 ||| qw: Game counter: 6745
     0 | D:1      | 0 ||| qw: Melee chars always use a shield: true
     0 | D:1      | 0 ||| qw: God list: Okawaru
     0 | D:1      | 0 ||| qw: Allow faded altars: false
     0 | D:1      | 0 ||| qw: Do Orc after clearing Dungeon:15 true
     0 | D:1      | 0 ||| qw: Do second Lair branch before Depths: true
     0 | D:1      | 0 ||| qw: Lair rune preference: random
     0 | D:1      | 0 ||| qw: Goals: Normal, Zot:1-4, Slime:5, God:TSO, Crypt,
                  | Tomb, Abyss, Pan, Hells, Win
     0 | D:1      | 0 ||| PLANNING D:1-11
   139 | D:1      | Reached XP level 2. HP: 19/19 MP: 2/2
   139 | D:1      | 139 ||| DROPPING +0 club.
   385 | D:1      | 385 ||| Stepping ~*~*~tactically~*~*~ (stealth).
   392 | D:1      | Reached skill level 3 in Axes
   705 | D:1      | 705 ||| READING scroll labelled UDEUVO BYGU.
   706 | D:1      | 706 ||| READING scroll labelled IWAIGR ACSISU.
   707 | D:1      | 707 ||| READING scroll labelled IMOT FI UHIRO.
   769 | D:2      | Found Vutesid's Jewellery Shoppe.
   773 | D:2      | 773 ||| SHOPLISTING +6 ring of dexterity (432 gold, have
                  | 114).
   773 | D:2      | 773 ||| SHOPLISTING amulet "Vicaxkoq" {Acrobat Int+2
                  | Stlth+} (528 gold, have 114).
   773 | D:2      | 773 ||| SHOPLISTING amulet of Elemental Vulnerability
                  | {rPois rF-- rC-- AC+8} (459 gold, have 114).
   773 | D:2      | 773 ||| SHOPLISTING amulet of faith (480 gold, have 114).
   773 | D:2      | 773 ||| SHOPLISTING ring of willpower (300 gold, have 114).
   822 | D:2      | Reached XP level 3. HP: 18/23 MP: 3/3
   825 | D:2      | Slain by a gnoll

Levels and vault maps discovered:
D:1:      ncdulo_watergridlock, layout_basic
D:2:      minmay_evil_eye, layout_basic, hellmonk_ecumenical_altar_zigzags,
          serial_shops, shop, minivault_5, minmay_ruptured

Skill      XL: |  1  2 |
---------------+-------+-----
Axes           | 2 3 |  3.0
Fighting       | |  3.2
Armour         | |  3.2
Shields        | |  3.2

Action                     || total
---------------------------++-------
  Melee: War axe           ||    65
    Use: Scroll            ||     3
 Armour: Scale mail        ||    25
  Dodge: Dodged            ||    34
  Block: Buckler           ||    18

Table legend:
 A = Non-vault XP
 B = Vault XP
 C = Vault XP percentage of total XP
 D = Non-vault monster count
 E = Vault monster count
 F = Vault count percentage of total count
                 A         B        C        D         E       F
            +---------+---------+-------+---------+---------+-------
      Total |      31 |       3 |   8.8 |      19 |       2 |   9.5
            +---------+---------+-------+---------+---------+-------
        D:1 |      31 |       0 |   0.0 |      19 |       0 |   0.0
        D:2 |       0 |       3 | 100.0 |       0 |       2 | 100.0
            +---------+---------+-------+---------+---------+-------
